 Dungeon Crawl Stone Soup version 0.17.1-3-g152610e (webtiles) character file.

22511 Goblin1989 the Martial Artist (level 12, -45/97 HPs)
             Began as a Demonspawn Monk on May 2, 2016.
             Was an Elder of Ru.
             Killed from afar by a lich (54 damage)
             ... with a fireball
             ... on level 1 of the Abyss.
             The game lasted 01:06:36 (16564 turns).

Goblin1989 the Martial Artist (Demonspawn Monk)    Turns: 16564, Time: 01:06:36

Health: -45/97     AC: 17    Str: 20    XL:     12   Next: 63%
Magic:  12/12      EV:  7    Int: 17    God:    Ru [****..]
Gold:   1007       SH:  0    Dex: 16    Spells: 3 memorised, 3 levels left

rFire  . . .     SeeInvis .       - Unarmed
rCold  . . .     Clarity  .     B - +4 chain mail of Resourcefulness {Str+4}
rNeg   . . .     SustAt   .     (no shield)
rPois  +         Gourm    +     (helmet restricted)
rElec  .         Spirit   .     y - +0 cloak
rCorr  .         Warding  .     l - +0 pair of gloves
rMut   .         Rnd*Tele +     (no boots)
MR     .....                    c - amulet of the gourmand
Stlth  ..........               d - ring of poison resistance
                                r - +5 ring of intelligence

@: drained, not resistant to hostile enchantments, extremely unstealthy
A: antennae 2, talons 1, nightstalker 1, powered by death 2, teleportitis 1,
inability to use devices, slow reflexes 1
a: Draw Out Power, Power Leap, Renounce Religion


You were on level 1 of the Abyss.
You worshipped Ru.
Ru was greatly pleased with you.
You were completely stuffed.

You visited 3 branches of the dungeon, and saw 16 of its levels.
You visited the Abyss 1 time.
You also visited: Labyrinth.

You collected 1069 gold pieces.
You spent 62 gold pieces at shops.

Inventory:

Hand Weapons
 D - the +11 quarterstaff of Ravage {speed, Dex+4}
   (You found it in a labyrinth)

   Attacks with this weapon are significantly faster.
   It affects your dexterity (+4).
Armour
 g - a +0 plate armour
 l - a +0 pair of gloves (worn)
 y - a +0 cloak (worn)
 B - the +4 chain mail of Resourcefulness (worn) {Str+4}
   (You found it on level 8 of the Dungeon)

   It affects your strength (+4).
Jewellery
 c - an amulet of the gourmand (around neck)
 d - a ring of poison resistance (right hand)
 f - an uncursed ring of ice
 m - an uncursed amulet of stasis
 r - a +5 ring of intelligence (left hand)
 t - an uncursed ring of protection from magic
 C - an uncursed ring of sustain attributes
Scrolls
 i - 2 scrolls of immolation
 k - 2 scrolls of fear
 o - 3 scrolls of fog
 p - a scroll of identify
 s - 4 scrolls of remove curse
 v - 3 scrolls of magic mapping
 w - 3 scrolls of enchant armour {unknown}
 F - a scroll of enchant weapon {unknown}
 G - a scroll of noise {unknown}
 H - a scroll of teleportation
Potions
 a - 2 potions of curing
 e - 2 potions of flight
 E - a potion of brilliance
Comestibles
 b - 8 bread rations
 h - 3 fruits
 q - 3 meat rations
 z - 3 beef jerkies


   Skills:
 + Level 10.1(9.7) Fighting
 - Level 7.4(7.1) Armour
 + Level 5.5(5.2) Dodging
 - Level 1.7(1.4) Stealth
 * Level 14.6(14.1) Unarmed Combat
 - Level 3.6(3.3) Necromancy


You had 3 spell levels left.
You knew the following spells:

 Your Spells              Type           Power        Failure   Level  Hunger
a - Regeneration          Chrm/Necr      #.........   100%        3    ####...
b - Animate Dead          Necr           N/A          100%        4    #####..
c - Animate Skeleton      Necr           N/A          61%         1    ##.....


Dungeon Overview and Level Annotations

Branches:
Dungeon (11/15)            Temple (1/1) D:6            Lair (4/8) D:8
 Shoals (0/4) Lair:3        Snake (0/4) Lair:3          Orc (0/4) D:9

Altars:
Ashenzari
Cheibriados
Dithmenos
Elyvilon
Fedhas
Gozag
Kikubaaqudgha
Makhleb
Nemelex Xobeh
Okawaru
Qazlal
Ru
Sif Muna
Trog
Vehumet
Xom
Yredelemnul
Zin
The Shining One

Shops:
D:4 }[

Annotations:
D:4 Edmund
D:5 Goblin1989's ghost, amateur DsGl
D:11 7 exclusions, Urug
Lair:4 Sonja


Innate Abilities, Weirdness & Mutations

You have a pair of antennae on your head.
You have sharp toenails.
You are slightly more attuned to the shadows.
You regenerate health from kills.
You cannot study or use magical devices.
You have somewhat slow reflexes. (-3 EV)
You are occasionally teleported next to monsters.


Message History

Read which item? (? for menu, Esc to quit)
As you read the scroll of teleportation, it crumbles to dust.
You feel strangely unstable.
You feel the power of the Abyss delaying your translocation!
You redirect the mottled draconian's attack!
A small abomination comes into view.
Drink which item? (? for menu, Esc to quit)
It was a potion of cancellation.
You feel strangely stable.
You feel magically purged.
The small abomination moves out of view.
A large abomination comes into view.
Unknown command.
Drink which item? (? for menu, Esc to quit)
It was a potion of poison.
You feel slightly nauseous.
You feel less exhausted.
The lich points at you and mumbles some strange words.
The fireball explodes!
The fireball engulfs you!
Ouch! That really hurt!
You die...

{ { ### { #@#
.XL≈......dx.
$##5##.##.##%
# ### # {


You could see a mottled draconian, a lich, a large abomination, a small
abomination and a white imp (wandering).

Vanquished Creatures
  Josephine (D:11)
  A minotaur (Lab)
  Fannar (D:11)
  Erica (D:11)
  3 unseen horrors (D:11)
  Pikel (D:4)
  A necromancer (Lair:3)
  An ugly thing (D:11)
  A hill giant (D:9)
  10 black mambas (Lair:3)
  3 komodo dragons
  2 spiny frogs
  2 trolls
  3 blink frogs (Lair:1)
  2 deep elf magi
  2 wyverns (D:9)
  A basilisk (Lair:1)
  A hill giant zombie (D:9)
  5 wraiths (D:11)
  A spriggan (D:7)
  4 hippogriffs
  4 yaks (D:11)
  5 hungry ghosts
  A slave (D:4)
  3 orc warriors
  2 porcupines
  2 sky beasts
  3 water moccasins
  3 phantoms
  3 black bears
  2 ice beasts
  5 ogres
  6 crocodiles
  13 centaurs
  8 giant frogs
  A water moccasin skeleton (D:5)
  2 troll zombies (D:9)
  2 scorpions (D:9)
  5 killer bees
  3 wights (D:10)
  4 crimson imps
  The ghost of moxian the Gusty, a weakling DEAE (D:4)
  9 orc priests
  3 giant frog zombies
  3 jellies
  9 orc wizards
  A quasit (D:6)
  A giant frog skeleton (D:5)
  A polar bear simulacrum (Lair:3)
  7 hounds
  9 iguanas
  12 worker ants
  5 sheep (Lair:3)
  7 wolf simulacra (Lair:3)
  2 yak simulacra (Lair:3)
  3 ogre zombies (D:9)
  A hound zombie (D:10)
  3 gnolls (D:10)
  33 river rats
  15 adders
  A shadow imp (D:4)
  2 oozes
  3 adder skeletons
  2 adder zombies
  2 worms (D:2)
  41 orcs
  3 ball pythons
  3 giant cockroaches
  8 goblins
  11 hobgoblins
  11 jackals
  3 kobolds
  4 quokkas
  9 bats
  9 giant geckos
  3 giant gecko skeletons (D:6)
  A giant gecko zombie (D:9)
  14 giant newts
  4 goblin zombies (D:9)
  A hobgoblin skeleton (D:9)
  A hobgoblin zombie (D:9)
  A jackal skeleton (D:4)
  13 orc zombies (D:9)
  A quokka skeleton (D:6)
  7 rats
  A river rat simulacrum (Lair:3)
408 creatures vanquished.

Vanquished Creatures (others)
  A black mamba (Lair:3)
  A hungry ghost (Lab)
  A sky beast (D:6)
  A quokka (D:4)
  8 fungi (Lair:3)
  5 plants
17 creatures vanquished.

Grand Total: 425 creatures vanquished

Notes
Turn   | Place    | Note
--------------------------------------------------------------
     0 | D:1      | Goblin1989 the Demonspawn Monk began the quest for the Orb.
     0 | D:1      | Reached XP level 1. HP: 18/18 MP: 1/1
    71 | D:1      | Reached skill level 4 in Unarmed Combat
    74 | D:1      | Gained mutation: You have sharp toenails. [demonic ancestry]
    74 | D:1      | Reached XP level 2. HP: 18/24 MP: 2/2
   115 | D:1      | HP: 1/24 [jackal (2)]
   936 | D:1      | Gained mutation: You regenerate a little health from kills. [demonic ancestry]
   936 | D:1      | Reached XP level 3. HP: 27/29 MP: 3/3
  1369 | D:2      | Reached skill level 5 in Unarmed Combat
  1566 | D:2      | Gained mutation: You are slightly more attuned to the shadows. [demonic ancestry]
  1566 | D:2      | Reached XP level 4. HP: 35/35 MP: 4/4
  2302 | D:3      | Gained mutation: You regenerate health from kills. [demonic ancestry]
  2302 | D:3      | Reached XP level 5. HP: 30/41 MP: 5/5
  2325 | D:3      | Reached skill level 6 in Unarmed Combat
  2781 | D:4      | Found Fatek's Antique Armour Shop.
  2801 | D:4      | Bought a runed leather armour for 62 gold pieces
  2841 | D:4      | Noticed Edmund
  3032 | D:4      | Noticed a slave
  3156 | D:4      | Got an encrusted mace
  3166 | D:4      | Gained mutation: You have a pair of small antennae on your head. [demonic ancestry]
  3166 | D:4      | Reached XP level 6. HP: 30/47 MP: 6/6
  3170 | D:4      | Identified the cursed +2 mace of Ricsianu {crush, rC++ Dex+5 Stlth-} (You found it on level 4 of the Dungeon)
  3176 | D:4      | Found Qiytur's Gadget Shoppe.
  3254 | D:4      | Reached skill level 7 in Unarmed Combat
  3304 | D:4      | Noticed moxian's ghost (weakling DEAE)
  3325 | D:4      | Killed moxian's ghost
  3506 | D:4      | Noticed an ogre
  3545 | D:4      | Got a faintly humming scale mail
  3559 | D:3      | Noticed a centaur
  3566 | D:4      | Identified the +4 scale mail of Saiphuge {+Fly rF++ Dex+4} (You found it on level 4 of the Dungeon)
  3578 | D:3      | Killed a centaur
  3578 | D:3      | Reached XP level 7. HP: 39/52 MP: 7/7
  3674 | D:4      | Noticed a slave
  3678 | D:4      | Noticed Pikel
  3679 | D:4      | Killed an ogre
  3679 | D:4      | Reached skill level 8 in Unarmed Combat
  3681 | D:4      | Noticed a slave
  3687 | D:4      | Noticed a slave
  3944 | D:5      | Entered Level 5 of the Dungeon
  4115 | D:5      | Noticed Goblin1989's ghost (amateur DsGl)
  4200 | D:6      | Found a staircase to the Ecumenical Temple.
  4208 | Temple   | Entered the Ecumenical Temple
  4301 | Temple   | Became a worshipper of Ru the Awakened
  4320 | D:6      | Reached skill level 9 in Unarmed Combat
  4329 | D:6      | Gained mutation: You have somewhat slow reflexes. (-3 EV) [Ru sacrifice]
  4329 | D:6      | Reached * piety under Ru
  4854 | D:5      | Reached XP level 8. HP: 58/58 MP: 8/8
  4904 | D:5      | Reached skill level 1 in Armour
  5070 | D:5      | Found a glowing silver altar of Zin.
  5879 | D:6      | Reached skill level 10 in Unarmed Combat
  6388 | D:7      | Reached XP level 9. HP: 54/66 MP: 9/9
  6727 | D:8      | Reached skill level 5 in Fighting
  6749 | D:8      | Found a staircase to the Lair.
  6907 | D:8      | Gained mutation: You cannot study or use magical devices. [Ru sacrifice]
  6907 | D:8      | Reached ** piety under Ru
  6907 | D:8      | Reached *** piety under Ru
  6907 | D:8      | Reached **** piety under Ru
  7065 | D:8      | Got a slimy chain mail
  7076 | D:8      | Identified the +4 chain mail of Resourcefulness {Str+4} (You found it on level 8 of the Dungeon)
  7354 | D:7      | Reached skill level 11 in Unarmed Combat
  8011 | D:4      | Killed a slave
  8035 | D:4      | Killed Pikel
  8035 | D:4      | Reached skill level 5 in Armour
  8035 | D:4      | Reached XP level 10. HP: 62/77 MP: 10/10
  8088 | D:4      | Noticed a black bear
  8094 | D:4      | Killed a black bear
  8754 | D:9      | Found a staircase to the Orcish Mines.
  8935 | D:9      | Noticed a hill giant
  8941 | D:9      | Reached skill level 12 in Unarmed Combat
  8955 | D:9      | HP: 1/79 [hill giant/giant spiked club (24)]
  8971 | D:9      | Killed a hill giant
  9615 | D:10     | Entered Level 10 of the Dungeon
  9909 | D:10     | Noticed a cyclops
  9909 | D:10     | Noticed a cyclops
 10380 | D:11     | Noticed Fannar
 10411 | D:11     | Noticed Erica
 10428 | D:11     | Killed Erica
 10428 | D:11     | Gained mutation: You have a pair of antennae on your head. [demonic ancestry]
 10428 | D:11     | Reached XP level 11. HP: 82/86 MP: 11/11
 10671 | D:11     | Noticed Josephine
 10683 | D:11     | Killed Josephine
 10686 | D:11     | Reached skill level 13 in Unarmed Combat
 10834 | D:11     | Found a labyrinth entrance.
 10839 | Lab      | Entered a labyrinth
 11991 | Lab      | Noticed a minotaur
 12003 | Lab      | Killed a minotaur
 12006 | Lab      | Got a pitted scale mail
 12027 | Lab      | Got a fine quarterstaff
 12029 | Lab      | Identified the +11 quarterstaff of Ravage {speed, Dex+4} (You found it in a labyrinth)
 12051 | Lab      | Identified the cursed +1 scale mail of Bocef {Str+7 Dex+4} (You took it off a minotaur in a labyrinth)
 12197 | D:11     | Killed Fannar
 12205 | D:11     | Noticed Urug
 12207 | D:11     | Noticed an unseen horror
 12223 | D:11     | Killed an unseen horror
 12451 | D:11     | Noticed an unseen horror
 12473 | D:11     | Killed an unseen horror
 12632 | D:11     | Noticed an unseen horror
 12673 | D:11     | Killed an unseen horror
 12709 | D:11     | Noticed a white ugly thing
 12727 | D:11     | Killed a white ugly thing
 12957 | D:11     | Noticed a six-headed hydra
 12995 | D:10     | Learned a level 3 spell: Regeneration
 13000 | D:10     | Learned a level 4 spell: Animate Dead
 13002 | D:10     | Learned a level 1 spell: Animate Skeleton
 13136 | Lair:1   | Entered Level 1 of the Lair of Beasts
 13393 | Lair:1   | Reached XP level 12. HP: 27/95 MP: 12/12
 13395 | Lair:1   | Reached skill level 1 in Necromancy
 14234 | Lair:2   | Reached skill level 14 in Unarmed Combat
 15014 | Lair:3   | Found a staircase to the Shoals.
 16067 | Lair:3   | Found a staircase to the Snake Pit.
 16095 | Lair:3   | Reached skill level 5 in Dodging
 16194 | Lair:3   | Noticed an eight-headed hydra
 16234 | Lair:3   | Reached skill level 10 in Fighting
 16385 | Lair:4   | Noticed Sonja
 16395 | Lair:4   | Cast into the Abyss (Sonja)
 16396 | Abyss:1  | Found a corrupted altar of Lugonu.
 16452 | Abyss:1  | Gained mutation: You are occasionally teleported next to monsters. [a neqoxec]
 16514 | Abyss:1  | Found a corrupted altar of Lugonu.
 16518 | Abyss:1  | Noticed a death knight
 16561 | Abyss:1  | Noticed a mottled draconian
 16562 | Abyss:1  | Noticed a lich
 16564 | Abyss:1  | Killed from afar by a lich

Action                   |  1- 3 |  4- 6 |  7- 9 | 10-12 || total
-------------------------+-------+-------+-------+-------++-------
Melee: Unarmed           |   180 |   264 |   584 |   985 ||  2013
Invok: Sacrifice Health  |       |       |     1 |       ||     1
       Sacrifice Artific |       |       |     1 |       ||     1
       Reject Sacrifices |       |       |       |     2 ||     2
       Draw Out Power    |       |       |       |     4 ||     4
       Power Leap        |       |       |       |     2 ||     2
Evoke: Wand              |       |       |     4 |       ||     4
  Use: Potion            |       |     8 |     2 |     9 ||    19
       Scroll            |       |     5 |     3 |    14 ||    22
 Stab: Sleeping          |     3 |    12 |     7 |       ||    22
       Invisible         |       |       |     5 |    59 ||    64
       Distracted        |       |       |       |     7 ||     7
  Eat: Chunk             |     2 |     7 |    18 |    43 ||    70
       Meat ration       |       |       |     1 |       ||     1
       Bread ration      |       |       |       |     7 ||     7
       Royal jelly       |       |       |       |     2 ||     2
       Fruit             |       |       |       |     6 ||     6
